 Dungeon Crawl Stone Soup version 0.32-a0-418-g34023cf50c (webtiles) character file.

Game seed: 6381428902061659333

67413 Gargoyl the Peltast (level 15, -4/93 HPs)
             Began as a Gargoyle Berserker on Feb 20, 2024.
             Was an Elder of Trog.
             Incinerated by a smoke demon (17 damage)
             ... with a pyre arrow
             ... in a Gauntlet on Feb 21, 2024.
             The game lasted 00:37:17 (18999 turns).

Gargoyl the Peltast (Gargoyle Berserker)           Turns: 18999, Time: 00:37:18

Health: -4/93      AC: 28    Str: 22    XL:     15   Next: 23%
Magic:  15/15      EV: 18    Int:  8    God:    Trog [****..]
Gold:   625        SH: 10    Dex: 18    Spells: 14/14 levels left

rFire   . . .        k - +2 hand axe (freeze)
rCold   . . .        S - +1 buckler {rPois}
rNeg    + . .        R - +0 chain mail "Gyasenei" {Dex+3}
rPois   ∞            I - +2 hat
rElec   +            A - +2 cloak {rPois}
rCorr   +            (no gloves)
SInv    .            D - +0 pair of boots
Will    +++..        (no amulet) Stlth
                     d - +5 ring of evasion
HPRegen 1.35/turn    e - ring of resist corrosion
MPRegen 0.14/turn

%: no teleportation
@: on fire, strong-willed, spiked, on berserk cooldown, flying, regenerating,
slowed, glowing, very slow
A: sickness immunity, AC +11, big wings, negative energy resistance 1,
electricity resistance, torment resistance 1, petrification resistance, horns 1
a: Renounce Religion, Berserk, Trog's Hand, Brothers in Arms


You were in a Gauntlet.
You worshipped Trog.
Trog was greatly pleased with you.
You visited 2 branches of the dungeon, and saw 17 of its levels.
You also visited: Gauntlet and Ice Cave.

You collected 1388 gold pieces.
You spent 763 gold pieces at shops.

Inventory:

Hand Weapons
 a - a +2 hand axe of flaming
 k - a +2 hand axe of freezing (weapon)
 q - a +0 spear
 M - a +0 vampiric war axe
Missiles
 w - 14 poisoned darts (quivered)
Armour
 A - a +2 cloak of poison resistance (worn)
 D - a +0 pair of boots (worn)
 I - a +2 hat (worn)
 R - the +0 chain mail "Gyasenei" (worn) {Dex+3}
   (You bought it in a shop on level 2 of the Dungeon)

   Dex+3:     It affects your dexterity (+3).
 S - a +1 buckler of poison resistance (worn)
Jewellery
 d - a +5 ring of evasion (left hand)
 e - a ring of resist corrosion (right hand)
 B - a ring of protection from cold
 C - a +6 ring of strength
 G - an amulet of reflection
 J - an amulet of magic regeneration
Wands
 b - a wand of roots (47)
 f - a wand of polymorph (8)
 o - a wand of light (27)
 u - a wand of paralysis (10)
 v - a wand of mindburst (7)
 F - a wand of flame (28)
Scrolls
 h - 4 scrolls of identify
 j - a scroll of acquirement {unknown}
 l - 2 scrolls of blinking
 m - a scroll of fog
 s - 2 scrolls of teleportation
 x - a scroll of noise {unknown}
 z - 2 scrolls of fear
 H - a scroll of summoning
 K - a scroll of revelation
 N - a scroll of silence
Potions
 c - 4 potions of might
 g - 4 potions of attraction
 i - 2 potions of degeneration
 n - 4 potions of haste
 p - a potion of berserk rage
 r - 3 potions of enlightenment
 t - 6 potions of curing
 E - 3 potions of magic
 L - a potion of invisibility
Miscellaneous
 O - a tin of tremorstones (2/2)
 P - a phial of floods


   Skills:
 + Level 10.9 Fighting
 + Level 1.1 Long Blades
 + Level 14.0 Axes
 + Level 0.4(9.0) Polearms
 + Level 0.3 Throwing
 + Level 7.4 Armour
 + Level 8.6 Dodging
 + Level 4.0 Stealth
 + Level 17.0 Shields
 + Level 0.7 Unarmed Combat


You had 14 spell levels left.
You didn't know any spells.
Your spell library was empty.

Dungeon Overview and Level Annotations

Branches:
Dungeon (12/15)            Temple (0/1) D:7            Lair (5/5) D:10
 Shoals (0/4) Lair:2       Spider (0/4) Lair:2        Slime (0/5) Lair:4
    Orc (0/2) D:10          IceCv (visited)         Gauntlet (1/1)

Altars:
Cheibriados
Fedhas
Hepliaklqana
Okawaru
Vehumet
Xom
Yredelemnul
Zin

Shops:
D:2 =([   D:6 (*

Annotations:
Lair:3 1 runed translucent door
Lair:4 exclusion: downstairs
Lair:5 1 exclusion Gauntlet 3 transporters


Innate Abilities, Weirdness & Mutations

You are immune to sickness and miasma.
Your stone body is resilient. (AC +11)
You are immune to poison.
Your large and strong wings let you fly.
You resist negative energy. (rN+)
You are resistant to electric shocks. (rElec)
You are resistant to unholy torment.
You are immune to petrification.
You have a pair of small horns on your head.


Message History

You hit the red devil. You freeze the red devil.
The red devil is moderately wounded.
The liquid fire burns you!
* * * LOW HITPOINT WARNING * * *
Unknown command.
You slash the red devil! You freeze the red devil. You headbutt the red devil.
The red devil is almost dead.
The liquid fire burns you!
* * * LOW HITPOINT WARNING * * *
You block the red devil's attack.
Unknown command.
You miss the red devil.
The red devil is almost dead.
The liquid fire burns you!
* * * LOW HITPOINT WARNING * * *
You slash the red devil! You freeze the red devil.
You kill the red devil!
Trog accepts your kill. The liquid fire burns you!
* * * LOW HITPOINT WARNING * * *
Unknown command.
Okay, then.
You are on fire!
You are on fire!
The liquid fire burns you!
* * * LOW HITPOINT WARNING * * *
You are too berserk!
You feel a strong urge to attack something.
The liquid fire burns you!
* * * LOW HITPOINT WARNING * * *
Unknown command.
The liquid fire burns you!
* * * LOW HITPOINT WARNING * * *
You are no longer berserk.
You are exhausted.
You feel yourself slow down.
Unknown command.
You feel better. The liquid fire burns you!
You die...

#≈.##).©..##.≈##
#≈≈.#########.≈≈#
##≈....#©..ß#.≈##
##..ß.#...©#.##
##≈....#©..ß#.≈#
#≈≈.#########.≈≈#
##≈.##.#.#.##.≈##
##.#.#.#)#.#.##
##≈.##.#@#.##.≈#
#≈≈.#.#O#.#.#.≈≈#
##≈.##.#.#.##.≈##
##.#.#.#.#.#.##
≈.##.#©#?##.
#≈≈.#########...
##≈. ..#©. ß#...
## .ß.#... #.ß.
... ©.. #.⌠


You could see a friendly two-headed ogre (summoned, berserk).

Vanquished Creatures
  Kirke (Lair:4)
  The ghost of greenbourne the Slicer, a journeyman VSFi of Lugonu (Lair:3)
  Fannar (Lair:1)
  5 hydras
  Erica (D:8)
  2 two-headed ogres (D:10)
  A tengu warrior (D:11)
  A boulder beetle (Lair:5)
  A death knight (D:11)
  17 death yaks
  2 skysharks
  A goliath frog (Lair:5)
  An arcanist (D:11)
  An orc knight (D:11)
  A lindwurm (Lair:4)
  3 ugly things
  A meliai (Lair:2)
  Maurice (D:11)
  A manticore (D:11)
  6 black mambas
  Joseph (Lair:1)
  The ghost of fgjk the Covered, a novice MiFi (D:4)
  An elephant (Lair:3)
  2 ice statues (IceCv)
  2 merfolk sirens (Lair:2)
  16 cane toads
  A smoke demon (Gauntlet)
  An unseen horror (D:11)
  Maggie (D:6)
  3 kobold demonologists (D:7)
  8 komodo dragons
  Jeremiah (D:8)
  A tengu conjurer (D:11)
  Psyche (D:9)
  A red devil (Gauntlet)
  2 trolls
  3 tyrant leeches (Lair:5)
  A polar bear (Lair:4)
  31 blink frogs
  8 dream sheep (Lair:3)
  Prince Ribbit (D:6)
  A centaur simulacrum (D:11)
  2 spriggans (Lair:4)
  2 slime creatures (D:12)
  A water elemental (D:11)
  A vampire (D:10)
  6 wyverns
  2 shadows (Gauntlet)
  48 yaks
  2 wraiths
  2 hogs (Lair:4)
  A death yak simulacrum (IceCv)
  3 basilisks
  6 vampire mosquitoes
  Menkaure (D:5)
  A redback (D:11)
  A steam dragon (D:8)
  An acid dragon (D:8)
  12 water moccasins
  4 black bears
  Duvessa (D:7)
  3 sky beasts (D:7)
  3 orc warriors
  An ice beast (D:6)
  A laughing skull (D:11)
  4 ogres
  18 wolves
  2 centaurs
  A kobold brigand (D:7)
  A brain worm (D:6)
  19 bullfrogs
  2 scorpions
  2 gnoll sergeants
  7 wights
  Dowan (D:7)
  15 killer bees
  An elephant simulacrum (IceCv)
  A howler monkey (D:11)
  An electric eel (D:11)
  4 bombardier beetles
  3 hounds
  7 jellies
  Crazy Yiuf (D:6)
  7 orc priests
  A gnoll bouda (D:7)
  2 iguanas
  A sleepcap (D:4)
  10 orc wizards
  9 hell rats
  2 spriggan simulacra (D:11)
  17 gnolls
  9 adders
  2 naga simulacra (D:11)
  A shadow imp (D:6)
  3 white imps
  4 dart slugs
  A ribbon worm (D:4)
  43 orcs
  10 ball pythons
  9 endoplasms
  2 giant cockroaches
  5 goblins
  9 hobgoblins
  2 jackals (D:4)
  4 quokkas
  4 bats (D:1)
  4 frilled lizards
  14 kobolds
  8 rats
  A butterfly (Lair:3)
516 creatures vanquished.

Vanquished Creatures (collateral kills)
  Snorg (Lair:3)
  A death yak (Lair:3)
  A wolf (Lair:3)
  2 crimson imps (Gauntlet)
5 creatures vanquished.

Vanquished Creatures (others)
  2 humans (Lair:5)
  A black bear (Lair:1)
3 creatures vanquished.

Grand Total: 524 creatures vanquished

Notes
Turn   | Place    | Note
-------+----------+-------------------------------------------
     0 | D:1      | Gargoyl the Gargoyle Berserker began the quest for the Orb.
     0 | D:1      | Reached XP level 1. HP: 14/14 MP: 1/1
    88 | D:1      | Reached XP level 2. HP: 19/19 MP: 2/2
   298 | D:1      | Reached XP level 3. HP: 24/24 MP: 3/3
   786 | D:2      | Found Ekhlutaj's Antique Armour Boutique.
   859 | D:2      | Found Inunydas's Jewellery Shoppe.
   865 | D:2      | Found Waaragow's Weapon Shop.
   873 | D:2      | Bought a +0 war axe for 45 gold pieces
  1011 | D:2      | Reached XP level 4. HP: 29/29 MP: 4/4
  1165 | D:2      | Found a faded altar of an unknown god.
  1402 | D:3      | Reached ** piety under Trog
  1483 | D:3      | Found a blossoming altar of Fedhas.
  1521 | D:3      | Found a basalt altar of Yredelemnul.
  1685 | D:3      | Reached XP level 5. HP: 33/33 MP: 5/5
  2060 | D:4      | Reached skill level 1 in Shields
  2090 | D:4      | Reached skill level 2 in Shields
  2090 | D:4      | Reached XP level 6. HP: 28/38 MP: 6/6
  2239 | D:4      | Noticed a black bear
  2249 | D:4      | Killed a black bear
  2250 | D:4      | Reached skill level 5 in Axes
  2378 | D:4      | Reached XP level 7. HP: 38/44 MP: 7/7
  2435 | D:4      | Found an iron altar of Okawaru.
  2663 | D:4      | Reached skill level 3 in Shields
  2782 | D:4      | Found a runed translucent door.
  2782 | D:4      | Noticed fgjk's ghost (novice MiFi)
  2980 | D:4      | Killed fgjk's ghost
  2981 | D:4      | Reached skill level 5 in Fighting
  2981 | D:4      | Reached XP level 8. HP: 49/49 MP: 8/8
  3018 | D:5      | Entered Level 5 of the Dungeon
  3018 | D:5      | Noticed Menkaure
  3024 | D:5      | Killed Menkaure
  3025 | D:5      | Reached skill level 4 in Shields
  3031 | D:5      | Identified the ring of Zupat {+Blink rN+ Int-5 Dex+5}
  3091 | D:5      | Found a radiant altar of Vehumet.
  3485 | D:5      | Reached skill level 5 in Shields
  3978 | D:6      | Noticed Prince Ribbit
  4007 | D:6      | Killed Prince Ribbit
  4008 | D:6      | Reached skill level 1 in Stealth
  4008 | D:6      | Reached skill level 6 in Shields
  4013 | D:6      | Reached XP level 9. HP: 43/54 MP: 9/9
  4049 | D:6      | Found Tis Reug's General Store.
  4063 | D:6      | Bought a scroll of teleportation for 36 gold pieces
  4213 | D:6      | Reached skill level 7 in Shields
  4237 | D:6      | Found a snail-covered altar of Cheibriados.
  4325 | D:6      | Noticed Maggie
  4385 | D:6      | Killed Maggie
  4386 | D:6      | Reached skill level 5 in Armour
  4414 | D:6      | Found Xienegie's Weapon Emporium.
  4551 | D:6      | Found a hazy altar of Hepliaklqana.
  4668 | D:6      | Noticed a boulder beetle
  4699 | D:6      | Found a runed translucent door.
  4700 | D:6      | Noticed Crazy Yiuf
  4761 | D:6      | Found a shimmering altar of Xom.
  5176 | D:6      | Killed Crazy Yiuf
  5288 | D:7      | Reached skill level 8 in Shields
  5330 | D:7      | Gained mutation: You have a pair of small horns on your
                  | head. [potion of mutation]
  5524 | D:7      | Noticed a kobold demonologist
  5525 | D:7      | Noticed a kobold demonologist
  5525 | D:7      | Noticed a kobold demonologist
  5530 | D:7      | Noticed a soul eater
  5535 | D:7      | Noticed a rust devil
  5536 | D:7      | Killed a kobold demonologist
  5537 | D:7      | Reached XP level 10. HP: 60/60 MP: 10/10
  5537 | D:7      | Killed a kobold demonologist
  5540 | D:7      | Killed a kobold demonologist
  5550 | D:7      | Found a staircase to the Ecumenical Temple.
  5627 | D:7      | Reached skill level 9 in Shields
  5940 | D:7      | Noticed Duvessa
  5942 | D:7      | Noticed Dowan
  5949 | D:7      | Killed Dowan
  5950 | D:7      | Killed Duvessa
  6623 | D:8      | Noticed Erica
  6639 | D:8      | Killed Erica
  6749 | D:8      | Noticed Jeremiah
  6765 | D:8      | Killed Jeremiah
  6766 | D:8      | Reached skill level 10 in Shields
  6979 | D:9      | Reached XP level 11. HP: 66/66 MP: 11/11
  7003 | D:9      | Noticed Psyche
  7013 | D:9      | Killed Psyche
  7014 | D:9      | Reached skill level 1 in Long Blades
  7132 | D:9      | Found Zin's Purification Station.
  7142 | D:9      | Found a glowing silver altar of Zin.
  7145 | D:9      | Bought 2 potions of curing for 180 gold pieces
  7289 | D:9      | Reached *** piety under Trog
  7557 | D:10     | Entered Level 10 of the Dungeon
  7661 | D:10     | Noticed a two-headed ogre
  7667 | D:10     | Killed a two-headed ogre
  7720 | D:10     | Noticed a two-headed ogre
  7728 | D:10     | Killed a two-headed ogre
  7729 | D:10     | Reached skill level 5 in Dodging
  8107 | D:10     | Found a staircase to the Lair.
  8571 | D:10     | Found a staircase to the Orcish Mines.
  8631 | Lair:1   | Entered Level 1 of the Lair of Beasts
  8682 | Lair:1   | Reached skill level 11 in Shields
  8701 | Lair:1   | Noticed Fannar
  8713 | Lair:1   | Killed Fannar
  8714 | Lair:1   | Reached skill level 10 in Axes
  8868 | Lair:1   | Noticed Joseph
  9009 | Lair:2   | Reached skill level 12 in Shields
  9011 | Lair:2   | Reached XP level 12. HP: 72/72 MP: 12/12
  9427 | Lair:1   | Killed Joseph
  9930 | Lair:1   | Reached skill level 13 in Shields
 10613 | Lair:2   | Reached **** piety under Trog
 10862 | Lair:2   | Reached XP level 13. HP: 44/80 MP: 13/13
 11027 | Lair:2   | Found a hole to the Spider Nest.
 11218 | Lair:2   | Found a staircase to the Shoals.
 11298 | Lair:2   | Reached skill level 14 in Shields
 11479 | Lair:3   | Found a runed translucent door.
 11648 | Lair:3   | Found a runed translucent door.
 11654 | Lair:3   | Noticed greenbourne's ghost (journeyman VSFi)
 11983 | Lair:3   | Noticed Snorg
 11994 | Lair:3   | Killed Snorg
 11995 | Lair:3   | Reached skill level 15 in Shields
 12914 | Lair:3   | Killed greenbourne's ghost
 13177 | Lair:4   | Found a staircase to the Slime Pits.
 13396 | Lair:4   | Gained mutation: Your large and strong wings let you fly.
                  | [Gargoyle growth]
 13396 | Lair:4   | Reached XP level 14. HP: 86/86 MP: 14/14
 13978 | Lair:5   | Entered Level 5 of the Lair of Beasts
 14079 | Lair:5   | Noticed Kirke
 14373 | Lair:4   | Upgraded the game from 0.32-a0-401-g0bcb2a7693 to
                  | 0.32-a0-418-g34023cf50c
 14389 | Lair:4   | Killed Kirke
 14700 | Lair:5   | Reached skill level 16 in Shields
 14717 | Lair:5   | Reached skill level 10 in Fighting
 15078 | Lair:5   | Reached ***** piety under Trog
 15672 | Lair:5   | Identified the +2 orcbow "Mut Tyuw" {speed, ^Fragile rF+
                  | Will+++ Dex-3}
 16491 | D:11     | Noticed Maurice
 16506 | D:11     | Killed Maurice
 16659 | D:11     | Found a frozen archway.
 16685 | IceCv    | Entered an ice cave
 16771 | IceCv    | Found a transporter.
 16778 | IceCv    | Found a transporter.
 16810 | IceCv    | Reached XP level 15. HP: 93/93 MP: 15/15
 17627 | D:11     | Found a runed translucent door.
 17805 | D:11     | Identified the +7 mace of Zyulyaqe {speed, ^Fragile rPois
                  | rC+ Dex+6}
 18186 | D:2      | Bought a pair of ancient gloves for 180 gold pieces
 18186 | D:2      | Identified the +3 pair of gloves of Pan-Flutes {+Inv Fly
                  | rC+} (You bought it in a shop on level 2 of the Dungeon)
 18186 | D:2      | Bought a faintly humming chain mail for 180 gold pieces
 18186 | D:2      | Identified the +0 chain mail "Gyasenei" {Dex+3} (You bought
                  | it in a shop on level 2 of the Dungeon)
 18186 | D:2      | Bought a glowing buckler for 142 gold pieces
 18452 | D:11     | Reached skill level 17 in Shields
 18722 | D:12     | Found a gate leading to a gauntlet.
 18731 | Gauntlet | Entered a Gauntlet
 18731 | Gauntlet | Found a transporter.
 18734 | Gauntlet | Found a transporter.
 18742 | Gauntlet | Found a transporter.
 18742 | Gauntlet | Found a transporter.
 18975 | Gauntlet | Found a transporter.
 18975 | Gauntlet | Found a transporter.
 18998 | Gauntlet | HP: 2/139 [burnt (6)]
 18999 | Gauntlet | Incinerated by a smoke demon

Illustrated notes

Levels and vault maps discovered:
D:1:      grunt_arrival_crossed_arrows, layout_basic
D:2:      layout_loops_cross, dreamdust_ecumenical_altar_angels_and_demons,
          serial_shops, shop, shop, shop
D:3:      layout_basic, mainiacjoe_overflow_tiny_flanked,
          fedhas_altar_fruit_tree, kennysheep_generic_room_9
D:4:      layout_loops_cross, kennysheep_okawaru_gauntlet, serial_rivers,
          chequers_serial_rivers_micro_e, chequers_serial_rivers_marsh,
          chequers_serial_rivers_micro_c, chequers_serial_rivers_micro_a,
          gammafunk_ghost_grave
D:5:      layout_loops_cross, nicolae_vehumet_radiance, st_stairs_11,
          chequers_serial_rivers_large_b, uniq_menkaure
D:6:      layout_basic, mainiacjoe_overflow_chevrons,
          mainiacjoe_overflow_alcove_1, xom_butterflies, serial_shops,
          nicolae_shop_bloodbath_and_beyond, shop, lightli_corner_chamber,
          uniq_prince_ribbit1, uniq_crazy_yiuf_cottage, uniq_maggie
D:7:      layout_cave_pods, minmay_temple_entry_arrows, st_stairs_4,
          hangedman_decor_riveting, uniq_duvessa
D:8:      layout_basic, uniq_erica, uniq_jeremiah
D:9:      layout_basic, zin_purify, uniq_psyche
D:10:     layout_stronghold, lair_entry_dummy, hiddenorc1_lemuel
D:11:     minmay_the_grid_triangle_9x9_line_8_mashed
          [minmay_the_grid_triangle_9x9_longest,
          minmay_the_grid_triangle_9x9_negative_grid,
          minmay_the_grid_triangle_9x9_intruding_spiral,
          minmay_the_grid_triangle_9x9_subtriangle,
          minmay_the_grid_triangle_9x9_limited_checkers,
          minmay_the_grid_triangle_9x9_zippers_horizontal,
          minmay_the_grid_triangle_9x9_wacky_v,
          minmay_the_grid_triangle_9x9_prize_center], layout_basic,
          portal_ice_cave_entry_ice_simulacra, uniq_maurice
D:12:     layout_loops_cross, gauntlet_entry_generic, chequers_garden,
          kennysheep_generic_room_4
Lair:1:   layout_cave_pods, grunt_megastairs_1, infiniplex_staircase_pool_2,
          uniq_joseph, uniq_fannar
Lair:2:   layout_gridlike, elwin_shoals_entry_rooms,
          hellmonk_spider_entry_not_the_bees
Lair:3:   layout_small_grid, ebering_ghost_reflecting_pool,
          bh_autumn_forest_stairs, wad_woods_river_01, lemuel_fruit_fields,
          uniq_snorg
Lair:4:   layout_cave_pods, nicolae_slime_entry_slimehenge, forest_entry_grove
Lair:5:   minmay_lair_end_frog_pond, layout_loops_ring, minivault_27,
          infiniplex_staircase_pool, uniq_kirke
Gauntlet: gammafunk_gauntlet_77_escape_option [minmay_gauntlet_arena_77_mess,
          minmay_gauntlet_arena_77_checkered, minmay_gauntlet_arena_77_p_blocks,
          minmay_gauntlet_arena_77_shame_cube,
          minmay_gauntlet_arena_77_two_lines, gauntlet_exit_watery]

Skill      XL: |  1  2  3  4  5  6  7  8  9 10 11 12 13 14 15 |
---------------+----------------------------------------------+-----
Axes           | 3 4 5 6 8 9 10 11 12 13 14 | 14.0
Dodging        | 2 3 4 5 6 7 8 |  8.6
Fighting       | 4 5 6 7 8 9 10 | 10.9
Shields        | 2 3 6 8 10 12 13 15 16 17 | 17.0
Armour         | 3 4 5 6 7 |  7.4
Stealth        | 1 2 3 4 |  4.0
Long Blades    | 1 |  1.1
Polearms       | |  0.4
Throwing       | |  0.3
Unarmed Combat | |  0.7

Action                     |  1- 3 |  4- 6 |  7- 9 | 10-12 | 13-15 || total
---------------------------+-------+-------+-------+-------+-------++-------
  Melee: Hand axe          |    78 |   113 |   304 |   679 |  1133 ||  2307
         Spear             |       |       |     4 |       |       ||     4
         Headbutt          |       |       |     2 |   151 |   284 ||   437
         Scimitar          |       |       |       |     4 |       ||     4
         Unarmed           |       |       |       |       |     6 ||     6
  Throw: Dart              |       |       |     1 |       |     7 ||     8
 Invoke: Berserk           |       |     3 |    17 |    15 |    18 ||    53
         Trog's Hand       |       |     1 |     7 |     8 |     9 ||    25
         Brothers in Arms  |       |       |       |       |     3 ||     3
    Use: Scroll            |     6 |     2 |     8 |     7 |    12 ||    35
         Potion            |       |       |     7 |     4 |     2 ||    13
   Stab: Distracted        |       |       |     1 |     1 |     2 ||     4
         Sleeping          |       |       |     1 |     1 |     1 ||     3
 Armour: Animal skin       |    55 |     6 |       |       |       ||    61
         Chain mail        |       |    62 |    26 |       |    16 ||   104
         Plate armour      |       |       |    85 |       |       ||    85
         Acid dragon scale |       |       |    34 |   300 |   313 ||   647
         Skin              |       |       |     1 |       |     8 ||     9
  Dodge: Dodged            |    79 |    53 |    99 |   360 |   436 ||  1027
  Block: Tower shield      |       |    81 |   271 |   769 |  1025 ||  2146
         Buckler           |       |       |       |       |    16 ||    16

Table legend: (Time is in decaauts)
 A = Elapsed time spent in this place.
 B = Non-inter-level travel time spent in this place.
 C = Inter-level travel time spent in this place.
 D = Time resting spent in this place.
 E = Time spent auto-exploring this place.
 F = Levels seen in this place.
 G = Mean time per level.
                   A        B        C        D        E       F      G
               +--------+--------+--------+--------+--------+-----+--------+
         Total |  19454 |  18364 |   1090 |   2551 |  10722 |  19 | 1023.9 |
       Dungeon |  10809 |  10140 |    669 |    717 |   6664 |  12 |  900.8 |
          Lair |   7646 |   7225 |    421 |   1022 |   4056 |   5 | 1529.2 |
      Ice Cave |    745 |    745 |      0 |    606 |      1 |   1 |  745.0 |
      Gauntlet |    253 |    253 |      0 |    206 |      0 |   1 |  253.0 |
               +--------+--------+--------+--------+--------+-----+--------+

Top non-repeatable levels by time:
  Lair:4: 1672 daAuts
  Lair:3: 1628 daAuts
  Lair:2: 1555 daAuts
  Lair:5: 1479 daAuts
     D:6: 1425 daAuts
    D:11: 1316 daAuts
  Lair:1: 1310 daAuts
    D:10: 1147 daAuts
     D:5: 1109 daAuts
     D:4: 1082 daAuts
     D:7: 1003 daAuts
     D:8: 827 daAuts
     D:1: 796 daAuts
   IceCv: 745 daAuts
     D:3: 690 daAuts
